 Dungeon Crawl Stone Soup version 0.17.0-28-g6e173f8 (webtiles) character file.

79 ventricule the Slasher (level 4, -2/33 HPs)
             Began as a Vampire Skald on Nov 27, 2015.
             Slain by a gnoll
             ... wielding a +0 halberd
              (10 damage)
             ... on level 2 of the Dungeon.
             The game lasted 00:03:23 (2030 turns).

ventricule the Slasher (Vampire Skald)              Turns: 2030, Time: 00:03:23

Health: -2/33      AC:  4    Str: 11    XL:     4   Next: 16%
Magic:  6/7        EV: 11    Int: 15    God:
Gold:   41         SH:  0    Dex: 13    Spells: 3 memorised, 2 levels left

rFire  . . .     SeeInvis +     a - +0 falchion
rCold  . . .     Clarity  .     m - +0 leather armour (curse)
rNeg   + . .     SustAt   .     (no shield)
rPois  .         Gourm    .     n - +0 helmet
rElec  .         Spirit   .     (no cloak)
rCorr  .         Warding  .     (no gloves)
rMut   .         Stasis   .     (no boots)
MR     .....                    (no amulet)
Stlth  +.........               (no ring)
                                (no ring)

@: infused, not resistant to hostile enchantments, very unstealthy
A: fangs 3, see invisible, unbreathing
a: Bat Form


You were on level 2 of the Dungeon.
You were not thirsty.

You visited 1 branch of the dungeon, and saw 2 of its levels.

You collected 41 gold pieces.


Innate Abilities, Weirdness & Mutations

You have razor-sharp teeth.
You have supernaturally acute eyesight.
You can survive without breathing.


   Skills:
 - Level 1.7 Fighting
 + Level 4.4 Long Blades
 - Level 0.7 Armour
 - Level 1.1 Dodging
 - Level 2.0 Spellcasting
 - Level 3.2 Charms


You had 2 spell levels left.
You knew the following spells:

 Your Spells              Type           Power        Failure   Level  Hunger
a - Shroud of Golubria    Chrm/Tloc      #.........   24%         2    ###....
x - Song of Slaying       Chrm           ##......     14%         2    ###....
z - Infusion              Chrm           ##....       10%         1    #......

Inventory:

Hand Weapons
 a - a +0 falchion (weapon)
Armour
 b - a +0 leather armour
 m - a cursed +0 leather armour (worn)
 n - a +0 helmet (worn)
Wands
 l - a wand of polymorph (17)
Scrolls
 e - 2 scrolls of enchant armour {unknown}
 f - 2 scrolls of remove curse {unknown}
 g - a scroll of fear {unknown}
 h - 2 scrolls of teleportation {unknown}
 i - 2 scrolls of recharging {unknown}
 j - 2 scrolls of identify {unknown}
 o - a scroll of random uselessness {unknown}
 p - a scroll of blinking {unknown}
Potions
 d - a potion of blood {@q4}
 k - a potion of lignification {unknown}
Books
 c - a book of Battle

   Spells                             Type                      Level
   a - Infusion                       Charms                       1
   b - Shroud of Golubria             Charms/Translocation         2
   c - Song of Slaying                Charms                       2
   d - Spectral Weapon                Hexes/Charms                 3
   e - Regeneration                   Charms/Necromancy            3

Dungeon Overview and Level Annotations

Branches:
Dungeon (2/15)

Altars:
Dithmenos
Gozag
Xom

▒▒▒▒▒.....▒▒▒▒▒▒▒
▒.▒▒▒▒▒▒▒▒▒▒
▒...▒▒▒_...▒▒
▒▒▒.▒▒....._▒
▒▒▒▒▒▒..▒▒▒..▒▒▒
▒....▒..▒▒...._▒
▒g▒▒.▒.▒▒▒▒..▒▒▒
▒g▒▒.▒.▒▒▒.(..♣
▒V▒▒....▒▒▒..▒▒
▒▒▒▒▒▒▒.▒⌠....▒
▒.▒▒▒..▒▒
▒.▒.†.).▒
▒.▒▒8..8▒
▒....(.▒▒
▒▒▒▒▒▒▒▒


You could see a gnoll and a hobgoblin.


Message History

Found an opulent altar of Gozag.
f - 2 scrolls labeled OZUIQE KUQIOHIPHO (gained 1) Done exploring.
Done exploring.
You see here 13 stones.
There is a stone staircase leading up here.
You climb upwards.
The gnoll shouts!
You hear a shout!
The bat hits you but does no damage. The gnoll hits you with a halberd.
There is a stone staircase leading down here.
The gnoll hits you with a halberd! The hobgoblin barely misses you.
You climb downwards.
There is a stone staircase leading up here.
You begin infusing your attacks with magical energy.
The gnoll hits you from afar with a halberd!
* * * LOW HITPOINT WARNING * * *
You barely miss the hobgoblin.
The hobgoblin hits you but does no damage.
You completely miss the hobgoblin.
The hobgoblin hits you but does no damage.
The gnoll hits you from afar with a halberd.
* * * LOW HITPOINT WARNING * * *
You closely miss the hobgoblin. The hobgoblin barely misses you.
The gnoll barely misses you.
You closely miss the hobgoblin. The hobgoblin closely misses you.
The gnoll closely misses you.
You hit the hobgoblin but do no damage. Your bite misses the hobgoblin.
The hobgoblin hits you but does no damage.
The gnoll hits you from afar with a halberd!
You die...

Action                   |  1- 3 |  4- 6 || total
-------------------------+-------+-------++-------
Melee: Falchion          |   103 |    21 ||   124
 Cast: Infusion          |     7 |     2 ||     9
  Use: Potion            |     1 |       ||     1
  Eat: Corpse            |     6 |     1 ||     7

Vault maps used:
D:1:      minmay_arrival_semitransparent, minmay_crystal_room
D:2:      minitemple

Notes
Turn   | Place    | Note
--------------------------------------------------------------
     0 | D:1      | ventricule the Vampire Skald began the quest for the Orb.
     0 | D:1      | Reached XP level 1. HP: 16/16 MP: 3/3
   212 | D:1      | Reached XP level 2. HP: 22/22 MP: 5/5
   223 | D:1      | Learned a level 2 spell: Song of Slaying
   236 | D:1      | Learned a level 2 spell: Shroud of Golubria
   492 | D:1      | Reached skill level 3 in Long Blades
   862 | D:2      | Reached XP level 3. HP: 25/27 MP: 0/6
  1320 | D:2      | Reached skill level 4 in Long Blades
  1702 | D:2      | Reached XP level 4. HP: 23/33 MP: 7/7
  1988 | D:2      | Found a shimmering altar of Xom.
  1991 | D:2      | Found a shadowy altar of Dithmenos.
  1993 | D:2      | Found an opulent altar of Gozag.
  2030 | D:2      | Slain by a gnoll

Vanquished Creatures
  5 adders (D:2)
  An ooze (D:2)
  A worm (D:2)
  A giant cockroach (D:1)
  3 goblins
  2 hobgoblins (D:2)
  4 jackals (D:1)
  3 kobolds (D:2)
  7 bats
  4 giant newts
  5 rats
36 creatures vanquished.
